 Dungeon Crawl Stone Soup version 0.29.1-15-g9cfb28693d (webtiles) character file.

Game seed: 18274079287163325693

381 raph the Insei (level 6, -13/47 HPs)
             Began as a Gnoll Transmuter on Apr 24, 2023.
             Killed by divine providence
             ... invoked by an orc priest
              (15 damage)
             ... on level 4 of the Dungeon.
             The game lasted 00:03:52 (3182 turns).

raph the Insei (Gnoll Transmuter)                   Turns: 3182, Time: 00:03:52

Health: -13/47     AC:  3    Str:  9    XL:     6   Next: 75%
Magic:  14/14      EV: 13    Int: 14    God:
Gold:   104        SH:  0    Dex: 13    Spells: 9/15 levels left

rFire   . . .      SeeInvis .   o - +8 trident of the Octopus King {venom, rElec rPois}
rCold   . . .      Faith    .   (no shield)
rNeg    . . .      Spirit   .   h - +0 leather armour
rPois   +          Reflect  .   (no helmet)
rElec   +          Harm     .   (no cloak)
rCorr   .          Rampage  .   (no gloves)
Will    .....                   (no boots)
Stlth   ++........              (no amulet)
HPRegen 0.15/turn               (no ring)
MPRegen 0.14/turn               (no ring)

@: no status effects
A: fangs 1, strong nose, distributed training
a: no special abilities


You were on level 4 of the Dungeon.
You visited 1 branch of the dungeon, and saw 4 of its levels.

You collected 104 gold pieces.

Inventory:

Hand Weapons
 o - the +8 trident of the Octopus King (weapon) {venom, rElec rPois}
   (You found it on level 2 of the Dungeon)

   It poisons the flesh of those it strikes.
   rElec:     It insulates you from electricity.
   rPois:     It protects you from poison.
Missiles
 k - 10 poisoned darts
Armour
 a - a +0 robe
 h - a +0 leather armour (worn)
Wands
 r - a wand of charming (12)
Scrolls
 c - a scroll of silence {unknown}
 d - 3 scrolls of poison {unknown}
 e - 3 scrolls of teleportation {unknown}
 g - 4 scrolls of enchant armour {unknown}
 j - a scroll of enchant weapon {unknown}
 p - a scroll of immolation {unknown}
 q - 2 scrolls of noise {unknown}
 s - 3 scrolls of identify {unknown}
Potions
 b - 2 potions of lignification
 f - a potion of flight {unknown}
 i - a potion of degeneration {unknown}
 l - a potion of heal wounds {unknown}
 m - 2 potions of attraction {unknown}
 n - a potion of might {unknown}
 t - a potion of curing {unknown}


   Skills:
 + Level 3.4 Fighting
 + Level 2.2 Short Blades
 + Level 2.2 Long Blades
 + Level 2.2 Axes
 + Level 2.2 Maces & Flails
 + Level 2.2 Polearms
 + Level 2.2 Staves
 + Level 2.2 Ranged Weapons
 + Level 2.2 Throwing
 + Level 2.2 Armour
 + Level 5.1 Dodging
 + Level 2.2 Stealth
 + Level 2.2 Shields
 + Level 6.9 Unarmed Combat
 + Level 5.4 Spellcasting
 + Level 1.7 Conjurations
 + Level 1.7 Hexes
 + Level 1.7 Summonings
 + Level 1.7 Necromancy
 + Level 1.7 Translocations
 + Level 4.2 Transmutations
 + Level 1.7 Fire Magic
 + Level 1.7 Ice Magic
 + Level 1.7 Air Magic
 + Level 1.7 Earth Magic
 + Level 1.7 Poison Magic
 + Level 2.4 Invocations
 + Level 2.2 Evocations


You had 9 spell levels left.
You knew the following spells:

 Your Spells              Type           Power      Damage    Failure   Level
a - Beastly Appendage     Tmut           30%        N/A       4%          1
b - Wereblood             Tmut           15%        N/A       6%          2
c - Spider Form           Tmut/Pois      12%        N/A       21%         3

Your spell library contained the following spells:

 Spells                   Type           Power      Damage    Failure   Level
 Apportation              Tloc           16%        N/A       11%         1
 Ignite Poison            Fire/Tmut/Pois 11%        N/A       24%         3
 Conjure Flame            Conj/Fire      8%         6-21      32%         3
 Ice Form                 Ice/Tmut       12%        N/A       54%         4
 Sticky Flame             Conj/Fire      8%         2d3       73%         4
 Alistair's Intoxication  Tmut/Pois      8%         N/A       88%         5


Dungeon Overview and Level Annotations

Branches:
Dungeon (4/15)
 Temple: D:4-7

Altars:

Annotations:
D:3 1 runed translucent door, sking99's ghost, amateur OgEE
D:4 Eustachio


Innate Abilities, Weirdness & Mutations

You have very sharp teeth.
Your uncanny sense of smell can sniff out nearby items.
Your experience applies equally to all skills.


Message History

Eustachio hits you with a +0 rapier! The orc hits you with a +0 short sword.
The orc priest completely misses you. Eustachio hits you with a +0 rapier.
The orc priest hits you with a +0 flail.
The orc hits you with a +0 short sword.
* * * LOW HITPOINT WARNING * * *
The bat hits you but does no damage.
Eustachio mumbles some strange words.
The bat hits you but does no damage.
Okay, then.
The bat closely misses you. The bat hits you but does no damage.
Eustachio gestures wildly while chanting.
The orc priest begins to cast a cantrip, but forgets the words!
You hit the bat.
You kill the bat!
The bat's corpse disappears in a puff of smoke!
The bat misses you. The iron imp closely misses you.
The orc priest attacks as you move away!
The orc priest barely misses you. The bat barely misses you.
The bat hits you but does no damage. The iron imp completely misses you.
The crimson imp blinks!
The orc attacks as you move away! The orc hits you but does no damage.
Eustachio hits you with a +0 rapier.
* * * LOW HITPOINT WARNING * * *
You completely miss the iron imp.
You punch the iron imp, but do no damage.
The bat hits you.
* * * LOW HITPOINT WARNING * * *
The bat hits you but does no damage.
The orc priest looks encouraged for a moment.
Eustachio hits you with a +0 rapier!
* * * LOW HITPOINT WARNING * * *
The crimson imp blinks!
The iron imp hits you but does no damage. x2
The bat hits you but does no damage. The iron imp barely misses you.
Okay, then.
The bat hits you but does no damage.
The iron imp disappears for a moment.
The orc priest invokes the aid of Beogh against you.
Beogh smites you!
You die...

.#.†.......# .......
.#.........#####........
##..............).......
...............)........
...................5....
..###'#####.............
..#.......+..o<@........
..#.......#....55.......
..#.......#...ob@.......
..#.......####+#########
..#.......# ..#.......#
..#........ ..# ..# ..#
..#


You could see Eustachio, 2 iron imps, an orc priest, a crimson imp (summoned),
an orc and a bat (summoned).

Vanquished Creatures
  3 orc priests
  An iguana (D:2)
  3 orc wizards
  7 gnolls
  4 adders
  2 dart slugs
  10 orcs (D:3)
  3 endoplasms
  2 giant cockroaches
  7 hobgoblins
  6 jackals
  5 quokkas
  9 ball pythons
  4 bats
  4 frilled lizards
  4 goblins
  2 kobolds (D:1)
  7 rats
83 creatures vanquished.

Notes
Turn   | Place    | Note
-------+----------+-------------------------------------------
     0 | D:1      | raph the Gnoll Transmuter began the quest for the Orb.
     0 | D:1      | Reached XP level 1. HP: 17/17 MP: 6/6
   428 | D:1      | Reached XP level 2. HP: 20/23 MP: 5/7
   794 | D:1      | Learned a level 2 spell: Wereblood
   842 | D:1      | Reached skill level 5 in Spellcasting
   842 | D:1      | Reached XP level 3. HP: 28/28 MP: 6/9
  1423 | D:2      | Reached skill level 1 in Short Blades
  1423 | D:2      | Reached skill level 1 in Long Blades
  1423 | D:2      | Reached skill level 1 in Axes
  1423 | D:2      | Reached skill level 1 in Maces & Flails
  1423 | D:2      | Reached skill level 1 in Polearms
  1423 | D:2      | Reached skill level 1 in Staves
  1423 | D:2      | Reached skill level 1 in Ranged Weapons
  1423 | D:2      | Reached skill level 1 in Throwing
  1423 | D:2      | Reached skill level 1 in Armour
  1423 | D:2      | Reached skill level 1 in Stealth
  1423 | D:2      | Reached skill level 1 in Shields
  1423 | D:2      | Reached skill level 1 in Invocations
  1423 | D:2      | Reached skill level 1 in Evocations
  1423 | D:2      | Reached XP level 4. HP: 23/34 MP: 9/11
  1522 | D:2      | Learned a level 3 spell: Spider Form
  1633 | D:2      | Reached skill level 1 in Conjurations
  1633 | D:2      | Reached skill level 1 in Hexes
  1633 | D:2      | Reached skill level 1 in Summonings
  1633 | D:2      | Reached skill level 1 in Necromancy
  1633 | D:2      | Reached skill level 1 in Translocations
  1633 | D:2      | Reached skill level 1 in Fire Magic
  1633 | D:2      | Reached skill level 1 in Ice Magic
  1633 | D:2      | Reached skill level 1 in Air Magic
  1633 | D:2      | Reached skill level 1 in Earth Magic
  1633 | D:2      | Reached skill level 1 in Poison Magic
  1687 | D:2      | Found a faded altar of an unknown god.
  1712 | D:2      | Found a faded altar of an unknown god.
  1913 | D:2      | Found the +8 trident of the Octopus King {venom, rElec
                  | rPois}
  2059 | D:3      | Reached XP level 5. HP: 20/41 MP: 10/12
  2509 | D:3      | Found a runed translucent door.
  2510 | D:3      | Noticed sking99's ghost (amateur OgEE)
  2522 | D:3      | Reached XP level 6. HP: 46/47 MP: 11/13
  2528 | D:3      | Reached skill level 5 in Dodging
  3165 | D:4      | Noticed Eustachio
  3179 | D:4      | HP: 2/47 [Eustachio/+0 rapier (9)]
  3182 | D:4      | Killed from afar by an orc priest

Illustrated notes

Levels and vault maps discovered:
D:1:      sevenhm_arrival_forest_fort_large_2, layout_loops_ring
D:2:      layout_basic, hellmonk_ecumenical_altar_the_god_not_taken
D:3:      layout_rooms, hellmonk_ghost_happy_afterlife, nrook_campfire,
          grunt_ministairs_4
D:4:      layout_gridville, serial_shops, kennysheep_mini, uniq_menkaure,
          uniq_grinder, uniq_eustachio

Skill      XL: |  1  2  3  4  5  6 |
---------------+-------------------+-----
Spellcasting   | 5 |  5.4
Short Blades   | 1 2 |  2.2
Long Blades    | 1 2 |  2.2
Axes           | 1 2 |  2.2
Maces & Flails | 1 2 |  2.2
Polearms       | 1 2 |  2.2
Staves         | 1 2 |  2.2
Ranged Weapons | 1 2 |  2.2
Throwing       | 1 2 |  2.2
Armour         | 1 2 |  2.2
Stealth        | 1 2 |  2.2
Shields        | 1 2 |  2.2
Invocations    | 1 2 |  2.4
Evocations     | 1 2 |  2.2
Conjurations   | 1 |  1.7
Hexes          | 1 |  1.7
Summonings     | 1 |  1.7
Necromancy     | 1 |  1.7
Translocations | 1 |  1.7
Fire Magic     | 1 |  1.7
Ice Magic      | 1 |  1.7
Air Magic      | 1 |  1.7
Earth Magic    | 1 |  1.7
Poison Magic   | 1 |  1.7
Fighting       | 3 |  3.4
Transmutations | 4 |  4.2
Dodging        | 5 |  5.1
Unarmed Combat | |  6.9

Action                   |  1- 3 |  4- 6 || total
-------------------------+-------+-------++-------
Melee: Unarmed           |    56 |    20 ||    76
       Kick              |    10 |     7 ||    17
       Bite              |     7 |     2 ||     9
       Headbutt          |     6 |     2 ||     8
       Punch             |     1 |     4 ||     5
       Trident           |       |    83 ||    83
 Cast: Beastly Appendage |    17 |     8 ||    25
       Wereblood         |       |     9 ||     9
 Stab: Sleeping          |     2 |     2 ||     4
Armor: Leather armour    |     8 |    28 ||    36
Dodge: Dodged            |    40 |    67 ||   107
